 Dungeon Crawl Stone Soup version 0.32-a0-872-g59262bdc9b (webtiles) character file.

Game seed: 17756292571971562641

4048 Adrian566 the Unseen (level 10, -7/97 HPs)
             Began as an Octopode Brigand on Mar 30, 2024.
             Was an Initiate of Dithmenos.
             Mangled by a vampire (10 damage)
             ... on level 9 of the Dungeon.
             The game lasted 00:09:33 (7741 turns).

Adrian566 the Unseen (Octopode Brigand)             Turns: 7741, Time: 00:09:34

Health: -7/97      AC:  8    Str: 10 (11) XL:     10   Next: 24%
Magic:  10/10      EV: 10    Int: 12 (13) God:    Dithmenos [......]
Gold:   504        SH: 18    Dex: 27 (30) Spells: 9/9 levels left

rFire   + . .        j - +0 short sword (protect)
rCold   + + .        D - +2 tower shield
rNeg    . . .        l - +0 hat
rPois   +            F - amulet of the acrobat
rElec   +            g - +6 ring of dexterity
rCorr   +            h - ring of protection from cold
SInv    .            p - ring of resist corrosion
Will    +....        t - +6 ring of dexterity Stlth
                     (no ring)
HPRegen 0.36/turn    (no ring)
MPRegen 0.12/turn    (no ring)
                     (no ring)

%: acrobat
@: berserking, resistant, under a protective aura, enlightened, flying, very
quick
A: almost no armour, amphibious, 8 rings, camouflage 1, gelatinous body 1,
(nimble swimmer 1), tentacles, screaming 1, devolution 1, persistent drain
a: Renounce Religion


You were on level 9 of the Dungeon.
You worshipped Dithmenos.
Dithmenos was noncommittal.
You visited 2 branches of the dungeon, and saw 10 of its levels.
You also visited: Sewer.

You collected 526 gold pieces.
You spent 22 gold pieces at shops.

Inventory:

Hand Weapons
 a - a +2 dagger
 j - a +0 short sword of protection (weapon)
 B - a +3 rapier of speed
Missiles
 b - 31 poisoned darts (quivered)
 c - 3 curare-tipped darts
Armour
 l - a +0 hat (worn)
 D - a +2 tower shield (worn)
Jewellery
 g - a +6 ring of dexterity (left tentacle)
 h - a ring of protection from cold (right tentacle)
 p - a ring of resist corrosion (on tentacle)
 t - a +6 ring of dexterity (on tentacle)
 y - a ring of willpower
 F - an amulet of the acrobat (around mantle)
Wands
 k - a wand of iceblast (22)
 s - a wand of charming (11)
 x - a wand of polymorph (13)
 H - a wand of flame (12)
Scrolls
 o - 4 scrolls of butterflies
 q - 2 scrolls of vulnerability
 u - 5 scrolls of noise
 E - a scroll of revelation
Potions
 d - 3 potions of might
 e - 2 potions of cancellation
 f - 6 potions of curing
 i - 2 potions of brilliance


   Skills:
 + Level 4.6 Fighting
 + Level 6.5 Short Blades
 + Level 2.3 Throwing
 + Level 4.2 Dodging
 * Level 16.0 Stealth
 + Level 3.2 Shields


You had 9 spell levels left.
You didn't know any spells.
Your spell library contained the following spells:

 Spells                   Type           Power      Damage    Failure   Level
 Apportation              Tloc           0%         N/A       100%        1
 Necrotise                Necr           0%         1d4       100%        1
 Sting                    Conj/Alch      0%         1d3       100%        1
 Summon Small Mammal      Summ           0%         N/A       100%        1
 Ensorcelled Hibernation  Hex/Ice        0%         N/A       100%        2
 Passwall                 Erth           0%         N/A       100%        3
 Swiftness                Air            0%         N/A       100%        3
 Animate Dead             Necr           0%         N/A       100%        4
 Alistair's Intoxication  Alch           0%         N/A       100%        5
 Borgnjor's Vile Clutch   Necr/Erth      0%         N/A       100%        5
 Eringya's Noxious Bog    Alch           0%         4d6       100%        6
 Haunt                    Necr/Summ      0%         N/A       100%        7
 Infestation              Necr           0%         N/A       100%        8


Dungeon Overview and Level Annotations

Branches:
Dungeon (9/15)             Temple (1/1) D:7           Sewer (visited)
   Lair: D:8-11         Orc: D:9-12

Altars:
Ashenzari
Cheibriados
Dithmenos
Elyvilon
Fedhas
Gozag
Hepliaklqana
Kikubaaqudgha
Makhleb
Nemelex Xobeh
Okawaru
Ru
Sif Muna
Trog
Uskayaw
Vehumet
Wu Jian
Xom
Yredelemnul
Zin

Shops:
D:3 *   D:9 *


Innate Abilities, Weirdness & Mutations

You cannot wear most types of armour.
You are amphibious.
You can wear up to eight rings at the same time.
Your skin changes colour to match your surroundings (Stealth+).
Your rubbery body absorbs attacks. (AC +1, EV +1)
((You are camouflaged when in or above water. (Stealth+)))
You have tentacles for arms and can constrict up to eight enemies at once.
You occasionally shout uncontrollably at your foes.
You have hidden genetic defects.
Your health recovers twice as slowly from being drained.


Message History

The vampire draws strength from your injuries!
You feel much better. You block the vampire's attack. The vampire bites you.
* * * LOW HITPOINT WARNING * * *
The vampire draws strength from your injuries!
You barely miss the vampire. You grab the vampire.
You squeeze the vampire, but do no damage.
You constrict the vampire, but do no damage.
You block the vampire's attack. The vampire completely misses you.
You hit the vampire but do no damage.
Your weapon exudes an aura of protection.
You constrict the vampire.
The vampire gestures at you while chanting.
You resist with almost no effort.
The vampire mumbles some strange words.
The vampire flickers and vanishes!
Deactivating autopickup; reactivate with Ctrl-A.
You hit something but do no damage. You constrict something.
Something hits you!
* * * LOW HITPOINT WARNING * * *
Something bites you but does no damage.
You feel much better.
You constrict something. You block something's attack. Something bites you.
Something draws strength from your injuries!
A red film seems to cover your vision as you go berserk!
You feel yourself moving faster!
You feel mighty!
You constrict something. Something hits you. You block something's attack.
You puncture something! You constrict something. You barely miss something.
You squeeze something. You constrict something.
Something draws life force from you!!
* * * LOW HITPOINT WARNING * * *
You puncture something! You constrict something. Something hits you!
* * * LOW HITPOINT WARNING * * *
Something bites you!
* * * LOW HITPOINT WARNING * * *
Something draws strength from your injuries!
You hit something but do no damage. You constrict something.
Something hits you.
* * * LOW HITPOINT WARNING * * *
Something bites you!
You die...

.........?..# #..........
............# #..........
............# #.........#
............#####......|..#
..........................#
..........................#
..........................#
..........{................
..#####...@........###.....
.. #............# #.....
#............###.....
#....###.............
#....# #.............
......###.............
.......................
.......................
....................##


There were no monsters in sight!

Vanquished Creatures
  Jeremiah (D:7)
  Prince Ribbit (D:5)
  Sigmund (D:2)
  Eustachio (D:6)
  A steam dragon (D:7)
  Duvessa (D:6)
  Pargi (Sewer)
  A black bear (D:4)
  4 orc warriors
  An ogre (D:4)
  A centaur (D:7)
  2 kobold brigands (D:7)
  A bullfrog (D:8)
  Blork the orc (D:6)
  5 scorpions
  Dowan (D:6)
  6 wights (D:7)
  10 killer bees (D:8)
  A crimson imp (D:8)
  A hound (D:6)
  4 jellies
  Crazy Yiuf (D:5)
  4 orc priests
  Jessica (D:2)
  An iguana (D:6)
  A sleepcap (D:5)
  Natasha (thrice) (D:3)
  9 orc wizards
  7 adders
  5 river rats (D:4)
  2 white imps (D:6)
  A dart slug (D:3)
  2 ribbon worms
  37 orcs
  4 bats
  5 endoplasms
  3 giant cockroaches
  3 goblins (D:2)
  8 hobgoblins
  13 jackals
  A quokka (D:5)
  6 ball pythons
  A frilled lizard (Sewer)
  20 kobolds
  5 rats
189 creatures vanquished.

Vanquished Creatures (others)
  3 kobolds (D:7)
3 creatures vanquished.

Grand Total: 192 creatures vanquished

Notes
Turn   | Place    | Note
-------+----------+-------------------------------------------
     0 | D:1      | Adrian566 the Octopode Brigand began the quest for the Orb.
     0 | D:1      | Reached XP level 1. HP: 14/14 MP: 1/1
   268 | D:1      | Reached XP level 2. HP: 18/19 MP: 2/2
   676 | D:2      | Noticed Jessica
   685 | D:2      | Reached skill level 6 in Stealth
   686 | D:2      | Killed Jessica
   687 | D:2      | Reached XP level 3. HP: 24/24 MP: 3/3
   752 | D:2      | Noticed Sigmund
   758 | D:2      | Killed Sigmund
   759 | D:2      | Reached skill level 8 in Stealth
   759 | D:2      | Reached XP level 4. HP: 30/30 MP: 4/4
   759 | D:2      | Reached XP level 5. HP: 35/35 MP: 5/5
  1106 | D:2      | Reached XP level 6. HP: 41/41 MP: 6/6
  1237 | D:3      | Reached skill level 9 in Stealth
  1437 | D:3      | Noticed Natasha
  1442 | D:3      | Killed Natasha
  1570 | D:3      | Noticed Natasha
  1582 | D:3      | Killed Natasha
  1684 | D:3      | Found Cist's General Store.
  1693 | D:3      | Bought a scroll of identify for 22 gold pieces
  1708 | D:3      | Noticed Natasha
  1717 | D:3      | Killed Natasha
  1999 | D:4      | Reached skill level 10 in Stealth
  1999 | D:4      | Reached XP level 7. HP: 45/45 MP: 7/7
  2277 | D:4      | Reached skill level 11 in Stealth
  2399 | D:4      | Found a glowing drain.
  2405 | Sewer    | Entered a sewer
  2407 | Sewer    | Noticed Pargi
  2429 | Sewer    | Killed Pargi
  2430 | Sewer    | Reached XP level 8. HP: 24/52 MP: 8/8
  2826 | D:5      | Entered Level 5 of the Dungeon
  2886 | D:5      | Reached skill level 12 in Stealth
  3414 | D:5      | Noticed Prince Ribbit
  3419 | D:5      | Killed Prince Ribbit
  3630 | D:5      | Found a runed translucent door.
  3631 | D:5      | Noticed Crazy Yiuf
  3638 | D:5      | Killed Crazy Yiuf
  3706 | D:6      | Noticed Eustachio
  3712 | D:6      | Killed Eustachio
  3713 | D:6      | Reached skill level 5 in Short Blades
  3713 | D:6      | Reached skill level 13 in Stealth
  3762 | D:6      | Reached XP level 9. HP: 31/58 MP: 9/9
  4247 | D:6      | Noticed Duvessa
  4248 | D:6      | Noticed Dowan
  4251 | D:6      | Killed Dowan
  4258 | D:6      | Killed Duvessa
  4402 | D:6      | Noticed Blork the orc
  4410 | D:6      | Killed Blork the orc
  4532 | D:6      | Reached skill level 14 in Stealth
  5259 | D:7      | Noticed Jeremiah
  5269 | D:7      | Reached skill level 1 in Shields
  5573 | D:7      | Killed Jeremiah
  5574 | D:7      | Reached skill level 15 in Stealth
  5694 | D:7      | You fall into a shaft and drop 1 floor!
  5904 | D:8      | Found a burning altar of Makhleb.
  5976 | D:8      | Found a white marble altar of Elyvilon.
  5981 | D:8      | Reached XP level 10. HP: 65/65 MP: 10/10
  6607 | D:7      | Found a staircase to the Ecumenical Temple.
  6641 | D:7      | HP: 2/65 [steam dragon/ball of steam (22)]
  6869 | D:7      | Reached skill level 16 in Stealth
  7243 | Temple   | Entered the Ecumenical Temple
  7282 | Temple   | Became a worshipper of Dithmenos the Shadowed
  7435 | D:9      | Found Itiop's Neck Hole.
  7661 | D:8      | Gained mutation: You expend magic power (3 MP) to
                  | strengthen your wands. [potion of mutation]
  7661 | D:8      | Gained mutation: You are robust. (+10% HP) [potion of
                  | mutation]
  7661 | D:8      | Gained mutation: You have hidden genetic defects. [potion
                  | of mutation]
  7662 | D:8      | Lost mutation: You expend magic power (3 MP) to strengthen
                  | your wands. [potion of mutation]
  7662 | D:8      | Lost mutation: You are robust. (+10% HP) [potion of
                  | mutation]
  7662 | D:8      | Gained mutation: You occasionally shout uncontrollably at
                  | your foes. [potion of mutation]
  7662 | D:8      | Gained mutation: Your health recovers twice as slowly from
                  | being drained. [potion of mutation]
  7729 | D:9      | HP: 2/65 [something (13)]
  7741 | D:9      | HP: 3/97 [something (5)]
  7741 | D:9      | Mangled by a vampire

Illustrated notes

Levels and vault maps discovered:
D:1:      minmay_arrival_radiant_lines, layout_basic
D:2:      minmay_wonky_spiral, layout_rooms, uniq_jessica, uniq_sigmund
D:3:      cheibrodos_helix_gallery, layout_rooms, serial_shops, shop,
          hex_intersection, uniq_natasha
D:4:      layout_rooms, lightli_sewer_entry_pipes
D:5:      layout_gridville, uniq_crazy_yiuf_cottage, uniq_prince_ribbit1
D:6:      layout_basic, minmay_misc_feat_encased, uniq_eustachio, uniq_duvessa,
          uniq_blork_the_orc
D:7:      layout_layer_cave, minmay_temple_entry_stoned_glass, uniq_jeremiah
D:8:      layout_basic, makhleb_grotto_becter, amcnicky_altar_gilded
D:9:      layout_big_octagon, mainiacjoe_overflow_catwalk_spiral,
          nicolae_shop_sticking_my_neck_out
Temple:   dpeg_five_rooms_temple

Skill      XL: |  1  2  3  4  5  6  7  8  9 10 |
---------------+-------------------------------+-----
Stealth        | 6 8 10 11 13 15 16 | 16.0
Short Blades   | 3 4 5 6 |  6.5
Fighting       | 3 4 |  4.6
Dodging        | 3 4 |  4.2
Shields        | 2 3 |  3.2
Throwing       | |  2.3

Action                     |  1- 3 |  4- 6 |  7- 9 | 10-12 || total
---------------------------+-------+-------+-------+-------++-------
  Melee: Dagger            |    38 |    58 |       |       ||    96
         Constrict         |    12 |    15 |    51 |    18 ||    96
         Tentacles         |     6 |    16 |    58 |    26 ||   106
         Short sword       |       |     4 |   133 |    85 ||   222
         Rapier            |       |       |    88 |       ||    88
    Use: Scroll            |       |     7 |     2 |     5 ||    14
         Potion            |       |     2 |     2 |    12 ||    16
   Stab: Sleeping          |     6 |    13 |    29 |     5 ||    53
         Distracted        |       |       |     2 |     1 ||     3
 Armour: Skin              |    13 |    19 |   105 |    72 ||   209
  Dodge: Dodged            |    16 |    24 |    85 |    49 ||   174
  Block: Tower shield      |       |       |    72 |    91 ||   163

Table legend: (Time is in decaauts)
 A = Elapsed time spent in this place.
 B = Non-inter-level travel time spent in this place.
 C = Inter-level travel time spent in this place.
 D = Time resting spent in this place.
 E = Time spent auto-exploring this place.
 F = Levels seen in this place.
 G = Mean time per level.
                   A        B        C        D        E       F      G
               +--------+--------+--------+--------+--------+-----+--------+
         Total |   7726 |   7296 |    430 |    696 |   5296 |  11 |  702.4 |
       Dungeon |   7385 |   7026 |    359 |    696 |   5094 |   9 |  820.6 |
        Temple |     74 |      3 |     71 |      0 |      0 |   1 |   74.0 |
         Sewer |    265 |    265 |      0 |      0 |    202 |   1 |  265.0 |
               +--------+--------+--------+--------+--------+-----+--------+

Top non-repeatable levels by time:
     D:7: 1518 daAuts
     D:6: 1284 daAuts
     D:8: 1015 daAuts
     D:5: 869 daAuts
     D:3: 717 daAuts
     D:1: 672 daAuts
     D:4: 589 daAuts
     D:2: 553 daAuts
   Sewer: 265 daAuts
     D:9: 165 daAuts
  Temple: 74 daAuts
